 Dungeon Crawl Stone Soup version 0.29.1-15-g9cfb28693d (webtiles) character file.

Game seed: 5585599916106905452

876905 TungstenYUNOMELT the Pyromancer (level 27, -30/325 HPs)
             Began as a Demonspawn Gladiator on Mar 11, 2023.
             Was an Initiate of Gozag.
             Drowned by Toddaoz the pandemonium lord (33 damage)
             ... in Pandemonium on Mar 12, 2023.
             The game lasted 06:13:52 (86347 turns).

TungstenYUNOMELT the Pyromancer (DsGl)             Turns: 86347, Time: 06:13:53

Health: -30/325    AC: 36    Str: 22    XL:     27
Magic:  0/71       EV: 23    Int: 32    God:    Gozag
Gold:   1583       SH: 23    Dex: 21    Spells: 7/68 levels left

rFire   + + +      SeeInvis +   a - +9 broad axe (flame)
rCold   + + +      Faith    .   O - +5 kite shield of Winter {MP+9 Dex+6}
rNeg    + + .      Spirit   +   m - +8 fire dragon scales
rPois   +          Reflect  +   r - +3 hat of Pondering {ponderous, Will+ MP+10 Int+5}
rElec   +          Harm     .   F - +1 cloak "Idde Soe" {rN+ Int+4}
rCorr   +          Rampage  .   (gloves unavailable)
Will    +++++      Clarity  +   Q - +1 pair of boots "Mevvuede" {rF+ Regen+ Int+2}
Stlth   ..........              f - amulet of Lacuz {Reflect rC+++ Int+7 Dex-5 SH+5}
HPRegen 4.44/turn               T - ring "Quar Ascho" {rN+ Will++ MP+9 Str+3 SInv, =R}
MPRegen 0.84/turn               L - ring of the Hare {EV+8}

@: mighty, brilliant, berserking, resistant, spiked, hasted, studying 3 skills,
very quick
A: claws 3, slimy green scales 3, powered by death 3, augmentation 3, magic
shield, magic regeneration, magic link, see invisible, agile 1, clarity, dopey
1, low MP 1, shaggy fur 1, evolution 1
}: 4/15 runes: barnacled, slimy, abyssal, gossamer
a: Renounce Religion, Potion Petition, Call Merchant, Bribe Branch


You were in Pandemonium.
You worshipped Gozag.
Gozag was most pleased with you.
You visited 14 branches of the dungeon, and saw 58 of its levels.
You visited Pandemonium 1 time, and saw 4 of its levels.
You visited the Abyss 11 times.
You also visited: Ice Cave.

You collected 30243 gold pieces.
You spent 8010 gold pieces at shops.
You paid 20650 gold pieces to Gozag.

Inventory:

Hand Weapons
 a - a +9 broad axe of flaming (weapon)
 b - the +1 broad axe of the Dragonfly {drain, rElec rPois rC+}
   (Okawaru gifted it to you on level 4 of the Depths)

   A truly terrible weapon, it drains the life of any living foe it strikes.
   rC:        It protects you from cold.
   rElec:     It insulates you from electricity.
   rPois:     It protects you from poison.
 c - the +18 lance "Wyrmbane" {slay drac, rPois rF+ rC+ AC+3}
   (Okawaru gifted it to you on level 2 of the Spider Nest)

   It inflicts extra damage against dragons and draconians.
   AC:        It affects your AC (+3).
   rF:        It protects you from fire.
   rC:        It protects you from cold.
   rPois:     It protects you from poison.
Missiles
 e - 31 javelins
 p - 13 silver boomerangs (quivered)
 C - 8 boomerangs of dispersal
 N - 14 throwing nets {!f}
 X - 11 silver javelins
Armour
 m - +8 fire dragon scales (worn)
 r - the +3 hat of Pondering (worn) {ponderous, Will+ MP+10 Int+5}
   (You took it off Gastronok on level 9 of the Dungeon)

   Int:       It affects your intelligence (+5).
   MP:        It affects your magic capacity (+10).
   Will:      It increases your willpower.
 F - the +1 cloak "Idde Soe" (worn) {rN+ Int+4}
   (You acquired it on level 4 of the Shoals)

   Int:       It affects your intelligence (+4).
   rN:        It protects you from negative energy.
 O - the +5 kite shield of Winter (worn) {MP+9 Dex+6}
   (Okawaru gifted it to you on level 5 of the Lair of Beasts)

   Dex:       It affects your dexterity (+6).
   MP:        It affects your magic capacity (+9).
 P - a +1 kite shield of fire resistance
 Q - the +1 pair of boots "Mevvuede" (worn) {rF+ Regen+ Int+2}
   (You found it on level 10 of the Dungeon)

   Int:       It affects your intelligence (+2).
   rF:        It protects you from fire.
   Regen:     It increases your rate of health regeneration.
Jewellery
 f - the amulet of Lacuz (around neck) {Reflect rC+++ Int+7 Dex-5 SH+5}
   (You found it on level 5 of the Pits of Slime)

   [amulet of reflection]

   It reflects blocked missile attacks.
   Int:       It affects your intelligence (+7).
   Dex:       It affects your dexterity (-5).
   rC:        It renders you almost immune to cold.
   SH:        It affects your SH (+5).
 i - the ring "Huserhod" {rN+ rCorr Int+6}
   (You bought it in a shop on level 2 of the Orcish Mines)

   [ring of resist corrosion]

   Int:       It affects your intelligence (+6).
   rN:        It protects you from negative energy.
   rCorr:     It protects you from acid and corrosion.
 L - the ring of the Hare (right claw) {EV+8}
   (You found it on level 2 of the Depths)

   [ring of evasion]

   EV:        It affects your evasion (+8).
 T - the ring "Quar Ascho" (left claw) {rN+ Will++ MP+9 Str+3 SInv, =R}
   (You found it on level 3 of the Elven Halls)

   [ring of see invisible]

   Str:       It affects your strength (+3).
   rN:        It protects you from negative energy.
   MP:        It affects your magic capacity (+9).
   SInv:      It lets you see invisible.
   Will:      It greatly increases your willpower.
Wands
 d - a wand of mindburst (16)
 j - a wand of light (9)
 E - a wand of charming (30)
 H - a wand of digging (9)
 S - a wand of roots (23)
Scrolls
 g - 2 scrolls of torment
 n - 8 scrolls of poison
 o - 4 scrolls of silence
 u - 9 scrolls of fear
 z - 4 scrolls of summoning
 G - 24 scrolls of teleportation
 J - 10 scrolls of vulnerability
 K - 13 scrolls of immolation
 M - 7 scrolls of fog
 W - 9 scrolls of magic mapping
Potions
 k - 4 potions of haste
 v - 8 potions of mutation
 y - 4 potions of magic
 A - 9 potions of lignification
 B - 5 potions of might
 D - 22 potions of curing
 I - 9 potions of ambrosia
 R - 11 potions of flight
 U - 6 potions of invisibility
 Y - a potion of cancellation
 Z - 6 potions of berserk rage
Miscellaneous
 h - a phial of floods
 l - a lightning rod (4/4)
 q - a box of beasts
 t - a tin of tremorstones (2/2)
 w - a condenser vane
 V - a phantom mirror


   Skills:
 - Level 18.0 Fighting
 - Level 18.0 Axes
 - Level 15.0 Throwing
 - Level 18.0 Armour
 - Level 10.0 Dodging
 - Level 12.0 Shields
 - Level 21.0 Spellcasting
 + Level 20.7 Conjurations
 - Level 5.0 Translocations
 - Level 10.0 Transmutations
 - Level 26.0 Fire Magic
 + Level 19.7 Air Magic
 + Level 8.8 Earth Magic
 - Level 12.0 Invocations
 - Level 10.0 Evocations


You had 7 spell levels left.
You knew the following spells:

 Your Spells              Type           Power      Damage    Failure   Level
b - Passwall              Tmut/Erth      80%        N/A       1%          2
c - Yara's Violent Unrav  Hex/Tmut       39%        3d16      16%         5
d - Ignition              Fire           70%        3d18      1%          8
e - Apportation           Tloc           100%       N/A       1%          1
f - Swiftness             Air            100%       N/A       0%          3
g - Ozocubu's Refrigerat  Ice            25%        4d13      100%        7
h - Blink                 Tloc           100%       N/A       1%          2
i - Chain Lightning       Conj/Air       63%        3d84      73%         9
j - Passage of Golubria   Tloc           78%        N/A       5%          4
k - Statue Form           Tmut/Erth      64%        N/A       14%         6
l - Shatter               Erth           47%        3d36*     100%        9
m - Freezing Cloud        Conj/Ice/Air   55%        6-21      1%          5

Your spell library contained the following spells:

 Spells                   Type           Power      Damage    Failure   Level
 Foxfire                  Conj/Fire      100%       2x1d9     0%          1
 Shock                    Conj/Air       100%       1d9       0%          1
 Scorch                   Fire           100%       2d10      0%          2
 Static Discharge         Conj/Air       100%       3-16/arc  0%          2
 Conjure Flame            Conj/Fire      100%       6-21      0%          3
 Airstrike                Air            63%        2d(9-25)  0%          4
 Flame Wave               Conj/Fire      100%       2d21      0%          4
 Sticky Flame             Conj/Fire      100%       2d11      0%          4
 Beastly Appendage        Tmut           100%       N/A       1%          1
 Poisonous Vapours        Pois/Air       100%       N/A       1%          2
 Wereblood                Tmut           98%        N/A       1%          2
 Dazzling Flash           Conj/Hex       100%       N/A       1%          3
 Gell's Gravitas          Tloc           78%        N/A       1%          3
 Ignite Poison            Fire/Tmut/Pois 100%       N/A       1%          3
 Inner Flame              Hex/Fire       100%       N/A       1%          3
 Mephitic Cloud           Conj/Pois/Air  100%       N/A       1%          3
 Spider Form              Tmut/Pois      78%        N/A       1%          3
 Stone Arrow              Conj/Erth      100%       3d13      1%          3
 Teleport Other           Tloc           78%        N/A       1%          3
 Iskenderun's Mystic Bla  Conj/Tloc      100%       2d19      1%          4
 Petrify                  Tmut/Erth      96%        N/A       1%          4
 Summon Lightning Spire   Summ/Air       98%        N/A       1%          4
 Blade Hands              Tmut           49%        N/A       1%          5
 Lightning Bolt           Conj/Air       63%        1d87      1%          5
 Silence                  Hex/Air        49%        N/A       1%          5
 Conjure Ball Lightning   Conj/Air       63%        3x3d23    1%          6
 Iron Shot                Conj/Erth      56%        9d11      1%          6
 Starburst                Conj/Fire      67%        6d17      1%          6
 Necrotise                Necr           100%       1d9       4%          1
 Slow                     Hex            100%       N/A       4%          1
 Summon Small Mammal      Summ           100%       N/A       4%          1
 Ice Form                 Ice/Tmut       78%        N/A       5%          4
 Ensorcelled Hibernation  Hex/Ice        100%       N/A       6%          2
 Sublimation of Blood     Necr           50%        N/A       6%          2
 Animate Armour           Summ/Erth      100%       N/A       7%          4
 Storm Form               Tmut/Air       57%        N/A       9%          7
 Confusing Touch          Hex            50%        N/A       13%         3
 Frozen Ramparts          Ice            100%       1d16      13%         3
 Ozocubu's Armour         Ice            50%        N/A       13%         3
 Vampiric Draining        Necr           50%        2d9       13%         3
 Manifold Assault         Tloc           78%        N/A       16%         5
 Anguish                  Hex/Necr       25%        N/A       38%         4
 Dispel Undead            Necr           50%        3d19      38%         4
 Summon Ice Beast         Ice/Summ       50%        N/A       38%         4
 Summon Forest            Summ/Tloc      32%        N/A       38%         5
 Dragon Form              Tmut           49%        N/A       52%         7
 Dispersal                Tloc           39%        N/A       63%         6
 Eringya's Noxious Bog    Tmut/Pois      39%        N/A       63%         6
 Agony                    Necr           50%        N/A       75%         5
 Metabolic Englaciation   Hex/Ice        25%        N/A       75%         5
 Summon Mana Viper        Hex/Summ       50%        N/A       75%         5
 Death Channel            Necr           25%        N/A       100%        6
 Summon Cactus Giant      Summ           25%        N/A       100%        6
 Enfeeble                 Hex            25%        N/A       100%        7
 Haunt                    Necr/Summ      25%        N/A       100%        7
 Malign Gateway           Summ/Tloc      32%        N/A       100%        7
 Monstrous Menagerie      Summ           25%        N/A       100%        7
 Summon Hydra             Summ           25%        N/A       100%        7
 Maxwell's Capacitive Co  Air            63%        ∞         9%          8
 Fire Storm               Conj/Fire      67%        8d17      30%         9
 Lehudib's Crystal Spear  Conj/Erth      56%        10d13     54%         8
 Borgnjor's Revivificati  Necr           25%        N/A       100%        8
 Discord                  Hex            25%        N/A       100%        8
 Disjunction              Tloc           39%        N/A       100%        8
 Infestation              Necr           25%        N/A       100%        8
 Summon Horrible Things   Summ           25%        N/A       100%        8
 Death's Door             Necr           25%        N/A       100%        9
 Dragon's Call            Summ           25%        N/A       100%        9
 Corpse Rot               Necr/Pois/Air  Unusable   N/A       N/A         4
 Animate Dead             Necr           Unusable   N/A       N/A         4
 Simulacrum               Ice/Necr       Unusable   N/A       N/A         6

Dungeon Overview and Level Annotations

Branches:
Dungeon (15/15)            Temple (1/1) D:5            Lair (5/5) D:9
 Shoals (4/4) Lair:2       Spider (4/4) Lair:2        Slime (5/5) Lair:4
    Orc (2/2) D:9             Elf (3/3) Orc:2        Vaults (5/5) D:13
  Crypt (3/3) Vaults:2       Tomb (0/3) Crypt:3      Depths (4/4) D:15
   Hell (visited)             Dis (0/7) Hell            Geh (1/7) Hell
    Coc (0/7) Hell            Tar (0/7) Hell            Zot (5/5) Depths:4
  IceCv (visited)

Altars:
Ashenzari
Cheibriados
Dithmenos
Fedhas
Gozag
Hepliaklqana
Kikubaaqudgha
Makhleb
Nemelex Xobeh
Okawaru
Qazlal
Ru
Sif Muna
Trog
Uskayaw
Vehumet
Wu Jian
Xom
Yredelemnul
Jiyva

Shops:
D:4 !   D:15 ?   Orc:1 [*[:   Orc:2 ?[?=   Elf:1 (   Elf:2 *   Shoals:1 ?
Shoals:2 *   Shoals:3 (   Vaults:2 (   Vaults:4 [   Vaults:5 =   Depths:1 ?:::
Depths:4 (

Portals:
Hell: Depths:1 Depths:2 Depths:3 Depths:4
Abyss: Depths:1 Depths:2 Depths:3
Pandemonium: Depths:2 Depths:4
Ziggurat: Depths:4


Innate Abilities, Weirdness & Mutations

You have claws for hands.
You are completely covered in slimy green scales. (AC +4, rPois)
You regenerate a lot of health from kills.
Your magical and physical power is greatly enhanced at high health.
When hurt, damage is shared between your health and your magic reserves.
You regenerate magic rapidly.
When low on magic, you restore magic in place of health.
You have supernaturally acute eyesight. (SInv)
You are agile. (Dex +4, Str/Int -1)
You possess an exceptional clarity of mind.
You are dopey. (Int -2)
Your magical capacity is low. (-10% MP)
You are covered in fur. (AC +1)
You have hidden genetic potential.


Message History

Toddaoz engulfs you!!
* * * LOW HITPOINT WARNING * * *
Toddaoz drowns you!!!
* * * LOW HITPOINT WARNING * * *
You block Toddaoz's attack. You block the red devil's attack.
You barely miss Toddaoz.
Toddaoz is moderately wounded.
Your surroundings seem slightly different.
You closely miss Toddaoz.
Toddaoz is moderately wounded.
You block Toddaoz's attack.
The red devil hits you from afar with a +1 vorpal trident.
* * * LOW HITPOINT WARNING * * *
Barbed spikes become lodged in your body.
* * * LOW HITPOINT WARNING * * *
You block Toddaoz's attack.
You closely miss Toddaoz.
Toddaoz is lightly wounded.
Toddaoz engulfs you. Toddaoz drowns you!!
* * * LOW HITPOINT WARNING * * *
You hit Toddaoz but do no damage.
Toddaoz is lightly wounded.
You block Toddaoz's attack. You block the red devil's attack.
Toddaoz engulfs you. Toddaoz drowns you!!!
* * * LOW HITPOINT WARNING * * *
The barbs in your skin will harm you if you move.
Continue? [Y]es or [N]o only, please.
The barbs in your skin will harm you if you move.
Continue? [Y]es or [N]o only, please.
The barbs in your skin will harm you if you move.
Continue?
Okay, then.
Unknown command.
Unknown command.
You slash Toddaoz! You burn Toddaoz.
Toddaoz is moderately wounded.
Toddaoz engulfs you!!
* * * LOW HITPOINT WARNING * * *
Toddaoz drowns you!!
You die...
Your body crumbles into a pile of gold.

#. ##.....#
#.##.....# #
#.....)$########
..###.......$......#
........$$..#......#
###.$..$.$..$......#
..'...$$#####.4....#
###...$.# #.&...##
........# #.@####
#.......# #..#
##......# #..#
##.....# #..#
#.....#####..##
#.............#
.##.##.....#
#........#
##........#


You could see Toddaoz (fast) and a red devil.

Vanquished Creatures
  the Royal Jelly (Slime:5)
  9 dread liches
  7 ancient liches
  Khufu (Crypt:3)
  An orb of fire (Zot:3)
  Mennas (Pan)
  Mara (Arena)
  A pandemonium lord (Pan)
  Sojobo (Vaults:4)
  3 royal mummies (Crypt:3)
  2 Killer Klowns (Zot:3)
  Parghit (Depths:3)
  Frederick (Crypt:1)
  Saint Roka (Vaults:4)
  2 curse toes (Zot:2)
  Geryon (Hell)
  6 golden dragons
  2 pearl dragons (Abyss:3)
  36 bone dragons
  Jory (Vaults:5)
  The ghost of Ontein the Slayer, an adept MiBe of Trog (Depths:2)
  the Enchantress (Arena)
  The ghost of duchin the Phalangite, an adept MfFi of the Shining One (Vaults:1)
  12 profane servitors
  5 Tzitzimimeh
  3 doom hounds (Depths:4)
  3 shard shrike zombies
  5 Hell Sentinels
  Jorgrun (Orc:1)
  7 electric golems
  8 hellephants
  An Ice Fiend (Depths:2)
  Mlioglotl (Arena)
  20 tentacled monstrosities
  A walking crystal tome (Depths:2)
  Rupert (D:13)
  Asterion (Arena)
  7 searing wretches
  A walking earthen tome (Depths:3)
  A tainted leviathan (Hell)
  26 liches
  8 deep elf blademasters
  7 titans
  Grunn (Arena)
  13 deep elf master archers
  20 acid blobs
  A walking divine tome (Abyss:6)
  4 death cobs
  A kraken (Shoals:1)
  86 tentacled starspawn
  7 quicksilver dragons
  5 ancient champions
  Gastronok (D:9)
  12 Executioners
  Polyphemus (Shoals:3)
  7 sphinxes
  Frances (Arena)
  8 shadow dragons
  7 draconian monks
  14 azure jellies
  3 daevas
  9 storm dragons
  11 tengu reavers
  Ilsuiw (Arena)
  3 nagarajas (Depths:3)
  Donald (Vaults:4)
  11 rockslimes
  17 vault wardens
  6 revenants
  9 draconian knights
  8 draconian scorchers
  8 demonspawn warmongers (Pan)
  20 fire giants
  3 orc warlords
  7 balrugs
  3 emperor scorpions
  2 iron dragons (Hell)
  23 frost giants
  9 deep elf sorcerers
  8 ghost moths
  16 cacodemons
  3 curse skulls (Crypt:2)
  3 spriggan defenders (Depths:4)
  15 draconian shifters
  5 angels
  9 war gargoyles
  11 draconian annihilators
  3 broodmothers
  15 reapers
  6 draconian stormcallers
  6 ghouls
  5 deep elf elementalists
  18 ironbound preservers
  3 demonspawn corrupters (Pan)
  5 demonspawn blood saints (Pan)
  31 very ugly things
  A juggernaut skeleton (Crypt:3)
  3 caustic shrike skeletons
  An ophan (Abyss:4)
  23 stone giants
  9 quicksilver oozes
  6 deep elf demonologists
  7 vampire knights
  3 demonspawn black suns (Pan)
  15 black draconians
  A bunyip (shapeshifter) (Elf:1)
  10 lorocyprocas
  A bunyip (Abyss:5)
  23 green draconians
  8 putrid mouths
  2 ironbound thunderhulks
  21 purple draconians
  9 spark wasps
  11 deep elf annihilators
  12 yellow draconians
  21 white draconians
  8 dire elephants (Vaults:3)
  4 entropy weavers
  19 red draconians
  7 eidola
  13 blizzard demons
  6 crystal guardians
  10 deep elf death magi
  8 ettins
  6 fire dragons
  Josephine (D:15)
  10 deep elf high priests
  8 jiangshi
  10 merfolk javelineers
  2 quicksilver dragon zombies
  A shambling mangrove (Abyss:4)
  Harold (Lair:2)
  11 great orbs of eyes
  16 green deaths
  6 yaktaur captains
  11 merfolk impalers
  31 vault guards
  6 boulder beetles
  A fenstrider witch zombie (Crypt:1)
  12 rakshasas
  10 hydras
  4 salamander tyrants
  5 spriggan air magi
  6 ironbound frosthearts
  3 peacekeepers
  8 ice dragons
  12 centaur warriors
  2 jorogumos (Spider:3)
  A juggernaut simulacrum (Abyss:4)
  3 ogre magi
  2 catoblepae
  An alligator snapping turtle (Shoals:1)
  2 satyrs
  8 naga warriors
  2 deep troll shamans
  6 death knights
  7 merfolk aquamancers
  11 death yaks
  3 radroaches
  6 tengu warriors
  3 titan zombies
  7 two-headed ogres
  4 deep troll earth magi
  A stoker (Hell)
  A death scarab (Spider:3)
  11 vampire magi
  Urug (D:13)
  33 dancing weapons
  3 orc high priests (Orc:2)
  5 spriggan berserkers
  116 thrashing horrors
  25 hell hogs
  27 sun demons
  78 wretched stars
  17 soul eaters
  29 hell knights
  19 deep elf knights
  A titan skeleton (Depths:1)
  3 iron trolls (Depths:4)
  5 sea snakes
  28 skeletal warriors
  2 pharaoh ants
  4 shadow wraiths
  25 sixfirhies
  9 spatial maelstroms
  A golden dragon zombie (Hell)
  A naga ritualist (Depths:3)
  An elf simulacrum (Crypt:2)
  8 flayed ghosts
  5 orb spiders
  An anaconda zombie (Abyss:3)
  11 deep elf archers
  4 steelbarb worms
  A bunyip zombie (Crypt:3)
  46 deep trolls
  A steelbarb worm (shapeshifter) (Abyss:5)
  A swamp dragon (shapeshifter) (Depths:4)
  2 spark wasp zombies
  9 glowing orange brains
  11 phantasmal warriors
  8 shadow demons
  2 anaconda skeletons
  10 lindwurms
  2 glowing orange brains (shapeshifter) (Vaults:5)
  9 wizards
  2 bunyip skeletons
  21 ironbound convokers
  A lindwurm (shapeshifter) (Abyss:4)
  2 spriggan simulacra
  A bog body (Crypt:2)
  14 harpies (Shoals:4)
  22 necromancers
  28 deep elf zephyrmancers
  15 orc knights
  6 shining eyes
  32 deep elf pyromancers
  A cyclops (shapeshifter) (Elf:1)
  5 fauns
  2 mana vipers (Depths:3)
  54 ugly things
  18 manticores
  8 orc sorcerers
  124 slime creatures
  2 salamanders
  29 wolf spiders
  A tengu skeleton (Depths:3)
  2 fire giant skeletons
  14 worldbinders
  A fire giant zombie (Depths:2)
  A moth of wrath (shapeshifter) (Abyss:3)
  27 moths of wrath
  8 cyclopes
  A stone giant zombie (Crypt:3)
  8 elephants (Lair:5)
  Maurice (D:11)
  A naga zombie (Abyss:5)
  2 frost giant skeletons
  19 vault sentinels
  5 will-o-the-wisps
  A centaur zombie (Crypt:1)
  4 guardian serpents
  12 rust devils
  2 ice statues (IceCv)
  3 eyes of devastation
  A guardian serpent (shapeshifter) (Vaults:5)
  12 black mambas
  A black mamba (shapeshifter) (Vaults:5)
  4 naga magi
  13 apocalypse crabs
  7 merfolk sirens
  A stone giant skeleton (Crypt:3)
  12 water nymphs
  A water nymph (shapeshifter) (Abyss:3)
  17 cane toads
  75 smoke demons
  A centaur skeleton (Crypt:3)
  A naga skeleton (Hell)
  7 hellions
  4 torpor snails
  Joseph (D:8)
  2 spriggan zombies
  3 rime drakes
  Maggie (D:6)
  10 ice devils
  31 orange demons
  10 efreet
  6 komodo dragons
  25 demonic crawlers
  4 unseen horrors
  2 harpy zombies
  A kobold demonologist (D:12)
  4 tormentors
  35 yaktaurs
  24 hellwings
  71 ancient zymes
  A komodo dragon (shapeshifter) (Abyss:5)
  4 tengu conjurers
  9 trolls
  An unseen horror skeleton (Crypt:1)
  20 merfolk
  A queen bee (shapeshifter) (Abyss:6)
  15 freezing wraiths
  3 polar bears
  8 wind drakes
  5 red devils
  7 meliai
  2 blink frogs (shapeshifter)
  2 harpy skeletons
  25 tarantellas
  An ettin zombie (Depths:2)
  9 hornets
  40 blink frogs
  196 raiju
  A dream sheep (shapeshifter) (Vaults:5)
  10 dream sheep
  Sigmund (D:2)
  A stone giant simulacrum (Hell)
  23 culicivoras
  5 vampires
  16 jumping spiders
  7 snapping turtles
  82 flying skulls
  11 air elementals
  82 small abominations
  9 spriggan skeletons
  10 wyverns
  2 ettin skeletons
  3 spriggans (Depths:4)
  9 shadows
  18 wraiths
  33 water elementals
  8 fire bats
  An ice dragon skeleton (Crypt:1)
  39 ynoxinuls
  22 yaks
  A human (shapeshifter) (Abyss:5)
  A fire bat (shapeshifter) (D:15)
  7 basilisks
  5 fire elementals
  16 humans (D:13)
  A golden eye (shapeshifter) (Vaults:5)
  14 golden eyes
  2 steam dragons
  47 chaos spawn
  9 vampire mosquitoes
  63 neqoxecs
  29 redbacks
  2 redbacks (shapeshifter)
  2 death yak simulacra (IceCv)
  A swamp worm (shapeshifter) (Vaults:5)
  11 spatial vortices
  4 wargs
  4 harpy simulacra
  3 nagas
  An acid dragon (D:12)
  21 water moccasins
  17 hell hounds
  The ghost of MacCMillion the Cutter, an amateur VSFi of Elyvilon (D:4)
  A floating eye (shapeshifter) (Vaults:4)
  Duvessa (D:5)
  A fire bat skeleton (Crypt:1)
  An ice beast (D:8)
  204 large abominations
  5 sky beasts
  An ettin simulacrum (Hell)
  38 orc warriors
  An elephant zombie (Crypt:2)
  A floating eye zombie (Depths:1)
  9 ogres
  3 black bears
  3 wolves (Lair:5)
  10 boggarts
  7 centaurs
  A swamp dragon skeleton (Crypt:2)
  2 phantoms (D:5)
  12 kobold brigands
  A komodo dragon skeleton (Crypt:2)
  12 bullfrogs
  7 earth elementals
  3 gnoll sergeants
  4 necrophages
  2 elf skeletons (Crypt:1)
  4 scorpions
  7 wights
  Dowan (D:5)
  10 jellies
  A raiju skeleton (Crypt:2)
  A shapeshifter skeleton (Crypt:1)
  5 electric eels
  5 howler monkeys
  3 lava snakes (Lair:4)
  4 crimson imps (Abyss:3)
  285 starcursed masses
  3 hounds
  9 quasits
  18 orc priests
  A gnoll bouda (D:7)
  3 iguanas
  4 iron imps
  20 orc wizards
  A basilisk skeleton (Crypt:1)
  5 hell rats (Hell)
  A polar bear simulacrum (IceCv)
  A wolf simulacrum (IceCv)
  An acid dragon zombie (Crypt:2)
  A hound skeleton (Crypt:1)
  18 gnolls
  9 adders
  3 shadow imps
  21 white imps
  8 ufetubi
  A worm (D:4)
  4 dart slugs
  76 orcs
  A bat skeleton (Crypt:1)
  9 endoplasms
  4 giant cockroaches
  2 hobgoblins
  8 jackals
  6 quokkas
  A river rat zombie (Crypt:2)
  11 ball pythons
  8 bats
  A dart slug zombie (Crypt:2)
  A frilled lizard (D:2)
  6 goblins
  37 kobolds
  3 rats
  A ball lightning (Pan)
  A creeping inferno (Hell)
  6 fire vortices
  13 lurking horrors
  80 starspawn tentacles
  4 tentacles (Shoals:1)
4752 creatures vanquished.

Vanquished Creatures (others)
  A pandemonium lord (Pan)
  A Killer Klown (Zot:3)
  A bone dragon (Abyss:4)
  A Brimstone Fiend (Pan)
  A tentacled starspawn (Abyss:5)
  A draconian knight (Zot:3)
  A fire giant (Geh:1)
  A balrug (Pan)
  A cacodemon (Pan)
  A draconian annihilator (Zot:3)
  3 demonspawn blood saints (Pan)
  A yaktaur captain (Vaults:5)
  2 thrashing horrors (Abyss:4)
  A sun demon (Pan)
  A wretched star (Abyss:6)
  A deep elf knight (Vaults:2)
  An ironbound convoker (Vaults:1)
  A deep elf archer (Vaults:2)
  2 deep elf zephyrmancers
  An orange demon (Hell)
  5 smoke demons
  2 tormentors
  A tengu conjurer (Depths:2)
  A raiju (Abyss:3)
  A vampire (Abyss:4)
  A neqoxec (Abyss:6)
  3 golden eyes (Abyss:6)
  4 large abominations
  A lava snake (Lair:4)
  3 small abominations
  A starcursed mass (Abyss:5)
  A white imp (Abyss:3)
  2 ball lightnings (Pan)
  10 bushes (Abyss:6)
  A creeping inferno (Geh:1)
  14 demonic plants (Abyss:6)
  2 fire vortices
  18 foxfires
  21 fungi
  4 lurking horrors
  119 plants
  142 starspawn tentacles
  A tentacle (Shoals:1)
382 creatures vanquished.

Grand Total: 5134 creatures vanquished

Notes
Turn   | Place    | Note
-------+----------+-------------------------------------------
     0 | D:1      | TungstenYUNOMELT the Demonspawn Gladiator began the quest
                  | for the Orb.
     0 | D:1      | Reached XP level 1. HP: 16/16 MP: 1/1
    78 | D:1      | Gained mutation: You regenerate a little health from kills.
                  | [demonic ancestry]
    78 | D:1      | Reached XP level 2. HP: 22/22 MP: 2/2
   442 | D:1      | Reached XP level 3. HP: 28/28 MP: 3/3
   632 | D:1      | Found a faded altar of an unknown god.
  1559 | D:2      | Gained mutation: You regenerate magic rapidly. [demonic
                  | ancestry]
  1559 | D:2      | Reached XP level 4. HP: 15/34 MP: 4/4
  2043 | D:2      | Noticed Sigmund
  2049 | D:2      | Killed Sigmund
  2050 | D:2      | Reached skill level 1 in Armour
  2050 | D:2      | Gained mutation: When hurt, damage is shared between your
                  | health and your magic reserves. [demonic ancestry]
  2050 | D:2      | Reached XP level 5. HP: 25/42 MP: 5/5
  2312 | D:2      | Gained mutation: You have sharp fingernails. [demonic
                  | ancestry]
  2312 | D:2      | Reached XP level 6. HP: 48/48 MP: 6/6
  2652 | D:3      | Found a stormy altar of Qazlal.
  2810 | D:3      | Found the dreamshard necklace {*Dream Drain}
  3418 | D:3      | Found an ornate altar of the Wu Jian Council.
  3806 | D:4      | Found a runed translucent gate.
  3806 | D:4      | Found a runed translucent gate.
  3806 | D:4      | Found a runed translucent gate.
  3807 | D:4      | Found an opulent altar of Gozag.
  3808 | D:4      | Noticed MacCMillion's ghost (amateur VSFi)
  4731 | D:4      | Found Avi Acagg's Distillery.
  4740 | D:4      | Bought a potion of curing for 30 gold pieces
  4740 | D:4      | Bought a potion of curing for 30 gold pieces
  4740 | D:4      | Bought a potion of heal wounds for 50 gold pieces
  4740 | D:4      | Bought a potion of lignification for 30 gold pieces
  4740 | D:4      | Bought a potion of lignification for 30 gold pieces
  4740 | D:4      | Bought a potion of ambrosia for 80 gold pieces
  4740 | D:4      | Bought a potion of brilliance for 40 gold pieces
  4788 | D:5      | Entered Level 5 of the Dungeon
  4940 | D:5      | Gained mutation: You are partially covered in slimy green
                  | scales. (AC +2) [demonic ancestry]
  4940 | D:5      | Reached XP level 7. HP: 50/55 MP: 7/7
  5270 | D:5      | Reached skill level 5 in Axes
  5422 | D:5      | Reached skill level 5 in Fighting
  5639 | D:5      | Found a sparkling altar of Nemelex Xobeh.
  5716 | D:5      | Found a staircase to the Ecumenical Temple.
  5964 | D:5      | Gained mutation: You are mostly covered in slimy green
                  | scales. (AC +3) [demonic ancestry]
  5964 | D:5      | Reached XP level 8. HP: 38/63 MP: 4/8
  6255 | D:5      | Noticed Duvessa
  6283 | D:5      | Killed Duvessa
  6408 | D:5      | Noticed Dowan
  6427 | D:5      | Killed Dowan
  6994 | Temple   | Entered the Ecumenical Temple
  7117 | Temple   | Became a worshipper of Warmaster Okawaru
  7172 | D:6      | Noticed Maggie
  7828 | D:6      | Killed Maggie
  7828 | D:6      | Reached * piety under Okawaru
  7829 | D:6      | Reached skill level 5 in Armour
  8281 | D:6      | Reached skill level 1 in Invocations
  8281 | D:6      | Reached XP level 9. HP: 71/71 MP: 6/9
  8764 | D:7      | Found a bloodstained altar of Trog.
  8996 | D:7      | Reached ** piety under Okawaru
  9587 | D:8      | Noticed a cyclops
  9597 | D:8      | Killed a cyclops
 10142 | D:8      | Noticed Joseph
 10150 | D:8      | Killed Joseph
 10151 | D:8      | Gained mutation: You have very sharp fingernails. [demonic
                  | ancestry]
 10151 | D:8      | Reached XP level 10. HP: 79/80 MP: 13/13
 10341 | D:9      | Reached skill level 5 in Invocations
 10491 | D:9      | Reached skill level 5 in Throwing
 10502 | D:9      | Found a stormy altar of Qazlal.
 10507 | D:9      | Reached *** piety under Okawaru
 10768 | D:9      | Noticed Gastronok
 10783 | D:9      | Killed Gastronok
 10783 | D:9      | Reached **** piety under Okawaru
 10977 | D:9      | Found a staircase to the Lair.
 10994 | D:9      | Found a staircase to the Orcish Mines.
 11637 | D:10     | Entered Level 10 of the Dungeon
 11860 | D:10     | Gained mutation: You have claws for hands. [demonic
                  | ancestry]
 11860 | D:10     | Reached XP level 11. HP: 70/89 MP: 10/14
 12085 | D:10     | Identified the +1 pair of boots "Mevvuede" {rF+ Regen+
                  | Int+2}
 12591 | D:11     | Noticed Maurice
 12607 | D:11     | Killed Maurice
 12608 | D:11     | Reached skill level 1 in Evocations
 12795 | D:11     | Noticed a centaur warrior
 12821 | D:11     | Received a gift from Okawaru
 12909 | Lair:1   | Entered Level 1 of the Lair of Beasts
 12910 | Lair:1   | Noticed a five-headed hydra
 12916 | Lair:1   | Killed a two-headed hydra
 12932 | Lair:1   | Received a gift from Okawaru
 12933 | Lair:1   | Reached skill level 10 in Fighting
 13328 | Lair:1   | Noticed a five-headed hydra
 13337 | Lair:1   | Killed a one-headed hydra
 13600 | Lair:1   | Received a gift from Okawaru
 13781 | Lair:1   | Reached ***** piety under Okawaru
 13781 | Lair:1   | Received a gift from Okawaru
 14108 | Lair:2   | Identified the +7 hand axe of the Muttering Big Fish
                  | {flame, rPois}
 14184 | Lair:2   | Reached skill level 1 in Shields
 14261 | Lair:2   | Reached skill level 10 in Axes
 14343 | Lair:2   | Noticed an eight-headed hydra
 14354 | Lair:2   | Killed a two-headed hydra
 14354 | Lair:2   | Received a gift from Okawaru
 14355 | Lair:2   | Gained mutation: You regenerate health from kills. [demonic
                  | ancestry]
 14355 | Lair:2   | Reached XP level 12. HP: 69/97 MP: 9/15
 14358 | Lair:2   | Reached skill level 5 in Evocations
 14360 | Lair:2   | Noticed Harold
 14377 | Lair:2   | Killed Harold
 14462 | Lair:2   | Found a staircase to the Shoals.
 14557 | Lair:2   | Found a hole to the Spider Nest.
 15153 | Lair:3   | Identified the +2 leather armour of the Falcon {Stlth+}
 15227 | Lair:3   | Noticed a five-headed hydra
 15234 | Lair:3   | Killed a one-headed hydra
 15235 | Lair:3   | Reached skill level 10 in Armour
 15238 | Lair:3   | Noticed a death yak
 15254 | Lair:3   | Received a gift from Okawaru
 15257 | Lair:3   | Killed a death yak
 15258 | Lair:3   | Reached skill level 5 in Shields
 15304 | Lair:3   | Identified the +4 hand axe "Nusanog" {vorpal, rN++}
 15351 | Lair:3   | Noticed a death yak
 15361 | Lair:3   | Killed a death yak
 15509 | Lair:3   | Received a gift from Okawaru
 15515 | Lair:3   | Found a frozen archway.
 15560 | IceCv    | Entered an ice cave
 15595 | IceCv    | Found a transporter.
 15606 | IceCv    | Found a transporter.
 15934 | Lair:4   | Noticed a six-headed hydra
 15962 | Lair:4   | Killed a one-headed hydra
 15963 | Lair:4   | Gained mutation: Your magical and physical power is
                  | slightly enhanced at high health. [demonic ancestry]
 15963 | Lair:4   | Reached XP level 13. HP: 61/103 MP: 7/16
 16133 | Lair:4   | Identified the +3 chain mail "Dezxergh" {rF+ rN+} (Okawaru
                  | gifted it to you on level 4 of the Lair of Beasts)
 16133 | Lair:4   | Received a gift from Okawaru
 16202 | Lair:4   | Found a runed translucent door.
 16203 | Lair:4   | Found a viscous altar of Jiyva.
 16203 | Lair:4   | Found a staircase to the Slime Pits.
 16766 | Lair:5   | Entered Level 5 of the Lair of Beasts
 16783 | Lair:5   | Reached skill level 5 in Dodging
 16820 | Lair:5   | Noticed Nessos
 16825 | Lair:5   | Noticed Nessos
 16825 | Lair:5   | Nessos changed into Nessos the moth of wrath
 16986 | Lair:5   | Got the Secrets of the Zephyr and Cold
 17154 | Lair:5   | Killed Nessos the moth of wrath
 17185 | Lair:5   | Reached ****** piety under Okawaru
 17283 | Lair:5   | Received a gift from Okawaru
 17748 | Lair:5   | Gained mutation: When low on magic, you restore magic in
                  | place of health. [demonic ancestry]
 17748 | Lair:5   | Reached XP level 14. HP: 110/110 MP: 17/17
 17950 | Lair:5   | Received a gift from Okawaru
 17987 | Lair:5   | Identified the +5 kite shield of Winter {MP+9 Dex+6}
                  | (Okawaru gifted it to you on level 5 of the Lair of Beasts)
 17987 | Lair:5   | Received a gift from Okawaru
 18104 | Lair:5   | Identified the +5 rapier of Eschut {flame, Str+5}
 18408 | Lair:5   | Reached skill level 10 in Shields
 18429 | Lair:5   | Identified the +1 robe of Generosity {rElec Int+4}
 18586 | Orc:1    | Entered Level 1 of the Orcish Mines
 18659 | Orc:2    | Entered Level 2 of the Orcish Mines
 18761 | Orc:2    | Found a staircase to the Elven Halls.
 19064 | Orc:2    | Reached skill level 15 in Axes
 19155 | Orc:2    | Found Beedd's Magic Scroll Boutique.
 19155 | Orc:2    | Found Arar's Jewellery Emporium.
 19160 | Orc:2    | Found Xoywenn's Magic Scroll Boutique.
 19160 | Orc:2    | Found Qirphed's Armour Emporium.
 19167 | Orc:2    | Bought a scroll of fog for 52 gold pieces
 19167 | Orc:2    | Bought a scroll of teleportation for 39 gold pieces
 19167 | Orc:2    | Bought a scroll of blinking for 97 gold pieces
 19169 | Orc:2    | Bought a scroll of blinking for 82 gold pieces
 19169 | Orc:2    | Bought a scroll of enchant weapon for 82 gold pieces
 19169 | Orc:2    | Bought a scroll of torment for 104 gold pieces
 19172 | Orc:2    | Bought a ring of see invisible for 255 gold pieces
 19283 | Orc:2    | Received a gift from Okawaru
 19533 | Orc:1    | Found Nogiluz's General Store.
 19536 | Orc:1    | Bought a potion of curing for 36 gold pieces
 19536 | Orc:1    | Bought a potion of might for 48 gold pieces
 19614 | Orc:1    | Noticed an orc warlord
 19638 | Orc:1    | Killed an orc warlord
 19642 | Orc:1    | Paralysed by an orc sorcerer for 4 turns
 19689 | Orc:1    | Found Qaun's Book Boutique.
 19800 | Orc:1    | Found Ythrayry's Antique Armour Emporium.
 19818 | Orc:1    | Noticed Jorgrun
 19840 | Orc:1    | Killed Jorgrun
 20068 | Orc:1    | Found Verchanah's Antique Armour Emporium.
 20071 | Orc:1    | Bought a glowing cloak for 187 gold pieces
 21143 | D:12     | Noticed Frances
 21145 | Arena    | Entered the Arena
 21157 | Arena    | Killed Frances
 21158 | Arena    | Reached XP level 15. HP: 114/115 MP: 19/21
 21528 | D:12     | Identified a scroll of acquirement
 21530 | D:12     | Acquired a manual of Armour
 21563 | D:13     | Noticed Urug
 21563 | D:13     | Found a gate to the Vaults.
 21589 | D:13     | Killed Urug
 21828 | D:13     | Received a gift from Okawaru
 22391 | D:13     | Noticed Rupert
 22405 | D:13     | Killed Rupert
 22518 | D:14     | Identified the +7 plate armour "Losijeze" {Rampage}
                  | (Okawaru gifted it to you on level 14 of the Dungeon)
 22518 | D:14     | Received a gift from Okawaru
 22523 | D:14     | Reached skill level 10 in Invocations
 22826 | D:14     | Found a snail-covered altar of Cheibriados.
 22926 | D:15     | Entered Level 15 of the Dungeon
 23237 | D:15     | Gained mutation: You are completely covered in slimy green
                  | scales. (AC +4, rPois) [demonic ancestry]
 23237 | D:15     | Reached XP level 16. HP: 119/127 MP: 23/23
 23288 | D:15     | Noticed Josephine
 23294 | D:15     | Received a gift from Okawaru
 23296 | D:15     | Killed Josephine
 23324 | D:15     | Found a staircase to the Depths.
 24017 | D:4      | Killed MacCMillion's ghost
 24238 | Spider:1 | Entered Level 1 of the Spider Nest
 24316 | Spider:1 | You fall into a shaft and drop 1 floor!
 24511 | Spider:2 | Received a gift from Okawaru
 24511 | Spider:2 | Found the +8 lance "Wyrmbane" {slay drac, rPois rF+ rC+
                  | AC+3}
 26069 | Spider:3 | Received a gift from Okawaru
 26702 | Spider:3 | Received a gift from Okawaru
 27111 | Spider:4 | Entered Level 4 of the Spider Nest
 27376 | Spider:4 | Received a gift from Okawaru
 27400 | Spider:4 | Reached skill level 15 in Armour
 27407 | Spider:4 | Received a gift from Okawaru
 27414 | Spider:4 | Reached XP level 17. HP: 137/137 MP: 25/25
 27726 | Spider:4 | Noticed Asterion
 27728 | Arena    | Entered the Arena
 27738 | Arena    | Killed Asterion
 27935 | Spider:4 | Got a gossamer rune of Zot
 28289 | Shoals:1 | Entered Level 1 of the Shoals
 28289 | Shoals:1 | Noticed a kraken
 28311 | Shoals:1 | Killed a kraken
 28359 | Shoals:1 | Found Zoushrank's Magic Scroll Shop.
 28439 | Shoals:1 | Received a gift from Okawaru
 28497 | Shoals:1 | Reached skill level 15 in Fighting
 28498 | Shoals:1 | Received a gift from Okawaru
 28598 | Shoals:1 | Identified the +0 leather armour "Nasunlor" {*Slow rCorr
                  | Int+4}
 28633 | Shoals:1 | Learned a level 3 spell: Swiftness
 28749 | Shoals:1 | Received a gift from Okawaru
 29176 | Shoals:2 | Noticed Mlioglotl
 29177 | Arena    | Entered the Arena
 29194 | Arena    | Killed Mlioglotl
 29472 | Shoals:2 | Found Wuhuful's Assorted Antiques.
 29494 | Shoals:2 | Bought a scroll of magic mapping for 217 gold pieces
 29494 | Shoals:2 | Bought a scroll of magic mapping for 217 gold pieces
 29494 | Shoals:2 | Bought a wand of flame (9) for 182 gold pieces
 29740 | Shoals:1 | Bought a scroll of vulnerability for 76 gold pieces
 29740 | Shoals:1 | Bought a scroll of magic mapping for 142 gold pieces
 29740 | Shoals:1 | Bought a scroll of teleportation for 57 gold pieces
 29740 | Shoals:1 | Bought a scroll of fog for 76 gold pieces
 29740 | Shoals:1 | Bought a scroll of torment for 180 gold pieces
 29826 | Shoals:3 | Noticed Ilsuiw
 29836 | Arena    | Entered the Arena
 29848 | Arena    | Killed Ilsuiw
 29882 | Shoals:3 | Received a gift from Okawaru
 29985 | Shoals:3 | Found Mepryik's Antique Weapon Shop.
 29994 | Shoals:3 | Noticed Mara
 29995 | Shoals:3 | Noticed TungstenYUNOMELT's illusion
 29999 | Arena    | Entered the Arena
 30010 | Arena    | Noticed TungstenYUNOMELT's illusion
 30029 | Arena    | Killed Mara
 30173 | Shoals:3 | Noticed Polyphemus
 30193 | Shoals:3 | Killed Polyphemus
 30438 | Shoals:4 | Entered Level 4 of the Shoals
 30477 | Shoals:4 | Paralysed by an air elemental for 1 turns
 30481 | Shoals:4 | Paralysed by an air elemental for 1 turns
 30486 | Shoals:4 | Paralysed by an air elemental for 1 turns
 30494 | Shoals:4 | Paralysed by an air elemental for 1 turns
 30513 | Shoals:4 | Received a gift from Okawaru
 30514 | Shoals:4 | Reached XP level 18. HP: 149/149 MP: 27/27
 30521 | Shoals:4 | Paralysed by an air elemental for 1 turns
 30527 | Shoals:4 | Identified the +5 mace of Guile {flame, rC+ rN+ Will+
                  | Int+4}
 30834 | Shoals:4 | Identified the +5 shortbow of the Whale {freeze, *Corrode
                  | rF++ Will- Int+10}
 30834 | Shoals:4 | Identified the +3 leather armour of Defence {-Cast +Blink
                  | rElec Dex+4}
 30933 | Shoals:4 | Acquired the +1 cloak "Idde Soe" {rN+ Int+4}
 30968 | Shoals:4 | Got a barnacled rune of Zot
 30984 | Shoals:4 | Paralysed by an air elemental for 1 turns
 30989 | Shoals:4 | Paralysed by an air elemental for 1 turns
 31160 | Shoals:4 | Paralysed by an air elemental for 1 turns
 31167 | Shoals:4 | Paralysed by an air elemental for 1 turns
 31175 | Shoals:4 | Paralysed by an air elemental for 1 turns
 31550 | Vaults:1 | Entered Level 1 of the Vaults
 31748 | Vaults:1 | You fall into a shaft and drop 1 floor!
 31762 | Vaults:2 | Received a gift from Okawaru
 31798 | Vaults:2 | Found Xamosta's Distillery.
 31806 | Vaults:2 | Bought a potion of heal wounds for 80 gold pieces
 31806 | Vaults:2 | Bought a potion of heal wounds for 80 gold pieces
 31806 | Vaults:2 | Bought a potion of heal wounds for 80 gold pieces
 31806 | Vaults:2 | Bought a potion of flight for 48 gold pieces
 31806 | Vaults:2 | Bought a potion of curing for 48 gold pieces
 31806 | Vaults:2 | Bought a potion of invisibility for 128 gold pieces
 31844 | Vaults:1 | Paralysed by a great orb of eyes for 2 turns
 32114 | Vaults:1 | Identified the +9 ring mail "Zuvuh" {Regen+ Str-4 Int+2
                  | Dex+4} (Okawaru gifted it to you on level 1 of the Vaults)
 32114 | Vaults:1 | Received a gift from Okawaru
 32158 | Vaults:1 | Found a runed translucent door.
 32160 | Vaults:1 | Noticed duchin's ghost (adept MfFi)
 32739 | Vaults:2 | Reached XP level 19. HP: 80/158 MP: 25/28
 32797 | Vaults:2 | Found a huge runed gate.
 32797 | Vaults:2 | Found a huge runed gate.
 32797 | Vaults:2 | Found a huge runed gate.
 32797 | Vaults:2 | Found a huge runed gate.
 32797 | Vaults:2 | Found a huge runed gate.
 32797 | Vaults:2 | Found a huge runed gate.
 32797 | Vaults:2 | Found a huge runed gate.
 32797 | Vaults:2 | Found a huge runed gate.
 32799 | Vaults:2 | Found a huge runed gate.
 32799 | Vaults:2 | Found a huge runed gate.
 32799 | Vaults:2 | Found a huge runed gate.
 32800 | Vaults:2 | Found a huge runed gate.
 32801 | Vaults:2 | Found a huge runed gate.
 32802 | Vaults:2 | Found a huge runed gate.
 32803 | Vaults:2 | Found a huge runed gate.
 32804 | Vaults:2 | Found a huge runed gate.
 32812 | Vaults:2 | Found a huge runed gate.
 32812 | Vaults:2 | Found a huge runed gate.
 32812 | Vaults:2 | Found a huge runed gate.
 32812 | Vaults:2 | Found a huge runed gate.
 32812 | Vaults:2 | Found a huge runed gate.
 32812 | Vaults:2 | Found a huge runed gate.
 32813 | Vaults:2 | Found a huge runed gate.
 32814 | Vaults:2 | Found a huge runed gate.
 32815 | Vaults:2 | Found a huge runed gate.
 32823 | Vaults:2 | Found a huge runed gate.
 32823 | Vaults:2 | Found a huge runed gate.
 32823 | Vaults:2 | Found a huge runed gate.
 32823 | Vaults:2 | Found a huge runed gate.
 32823 | Vaults:2 | Found a huge runed gate.
 32823 | Vaults:2 | Found a huge runed gate.
 32824 | Vaults:2 | Found a huge runed gate.
 32825 | Vaults:2 | Found a huge runed gate.
 32826 | Vaults:2 | Found a huge runed gate.
 32834 | Vaults:2 | Found a huge runed gate.
 32834 | Vaults:2 | Found a huge runed gate.
 32838 | Vaults:2 | Paralysed by a sphinx for 3 turns
 32848 | Vaults:2 | Paralysed by a sphinx for 3 turns
 32888 | Arena    | Entered the Arena
 33539 | Orc:2    | Bought the ring "Huserhod" {rN+ rCorr Int+6} for 744 gold
                  | pieces
 33797 | Vaults:1 | Killed duchin's ghost
 33804 | Vaults:1 | Got the Compendium of Blistering Clay
 33955 | Vaults:2 | Found a staircase to the Crypt.
 33997 | Vaults:2 | Found Qetuingo's Antique Weapon Shoppe.
 34318 | Vaults:2 | Received a gift from Okawaru
 34519 | Vaults:3 | Received a gift from Okawaru
 34582 | Vaults:3 | Learned a level 8 spell: Ignition
 35162 | Vaults:3 | Acquired 665 gold pieces
 35190 | Vaults:3 | Found a magical portal.
 35228 | Vaults:3 | Identified the +4 quarterstaff "Muaq" {elec, Contam rElec
                  | Str+5} (Okawaru gifted it to you on level 3 of the Vaults)
 35228 | Vaults:3 | Received a gift from Okawaru
 35682 | Vaults:4 | Reached XP level 20. HP: 149/168 MP: 29/29
 35790 | Vaults:4 | Found Luihun's Antique Armour Shoppe.
 35972 | Vaults:4 | Noticed Saint Roka
 36013 | Vaults:4 | Killed Saint Roka
 36264 | Vaults:4 | Reached skill level 10 in Dodging
 36279 | Vaults:4 | Received a gift from Okawaru
 36288 | Vaults:4 | Reached skill level 10 in Throwing
 36514 | Vaults:4 | Noticed Donald
 36522 | Vaults:4 | Killed Donald
 36528 | Vaults:4 | Noticed Sojobo
 36545 | Vaults:4 | Paralysed by an air elemental for 1 turns
 36554 | Vaults:4 | Killed Sojobo
 36748 | Vaults:4 | Received a gift from Okawaru
 36980 | Vaults:4 | Learned a level 7 spell: Ozocubu's Refrigeration
 37139 | Depths:1 | Entered Level 1 of the Depths
 37338 | Depths:1 | Identified the +1 ring mail of Itzuttit {Will- MP+9 Str+6
                  | Int+4}
 37362 | Depths:1 | Found a one-way gate to the infinite horrors of the Abyss.
 37496 | Depths:1 | Found a gateway to Hell.
 37549 | Depths:1 | Found a shimmering altar of Xom.
 37550 | Depths:1 | Found a shimmering altar of Xom.
 37574 | Depths:1 | Found an iron altar of Okawaru.
 37579 | Depths:1 | Reached skill level 1 in Spellcasting
 37583 | Depths:1 | Reached skill level 1 in Air Magic
 37887 | Depths:2 | Found a radiant altar of Vehumet.
 37898 | Depths:2 | Found a one-way gate leading to the halls of Pandemonium.
 37934 | Depths:2 | Received a gift from Okawaru
 38230 | Depths:2 | Received a gift from Okawaru
 38779 | Depths:2 | Found a runed translucent gate.
 38779 | Depths:2 | Found a runed translucent gate.
 38780 | Depths:2 | Found a runed translucent gate.
 38780 | Depths:2 | Noticed Ontein's ghost (adept MiBe)
 38993 | Depths:2 | Found the ring of the Hare {EV+8}
 39041 | Depths:2 | Reached skill level 5 in Spellcasting
 39041 | Depths:2 | Reached skill level 5 in Air Magic
 39084 | Depths:2 | Noticed a golden dragon
 39085 | Depths:2 | Identified the +11 quarterstaff "Widem" {flame, +Blink
                  | rPois rC++ Str+4}
 39090 | Depths:2 | Identified the +1 ring mail "Oclojaxt" {Will+}
 39096 | Depths:2 | Identified the +5 arbalest "Tormentor" {speed, rF++}
 39330 | Orc:1    | Bought a book of Burglary for 300 gold pieces
 39333 | Orc:1    | Learned a level 2 spell: Passwall
 39755 | Depths:2 | Reached skill level 1 in Transmutations
 39755 | Depths:2 | Reached skill level 1 in Earth Magic
 39878 | Depths:2 | Reached XP level 21. HP: 171/177 MP: 30/30
 40518 | Depths:3 | Received a gift from Okawaru
 40540 | Depths:3 | Identified the ring "Pairur" {rN+ Str+4 Dex+4}
 40671 | Depths:3 | Received a gift from Okawaru
 40734 | Depths:4 | Entered Level 4 of the Depths
 40744 | Depths:4 | Found Civaetie's Firing Range.
 40751 | Depths:4 | Bought 3 silver javelins for 129 gold pieces
 40751 | Depths:4 | Bought a throwing net for 54 gold pieces
 40795 | Depths:4 | Found a one-way gateway to a ziggurat.
 40817 | Depths:4 | Identified the +1 broad axe of the Dragonfly {drain, rElec
                  | rPois rC+} (Okawaru gifted it to you on level 4 of the
                  | Depths)
 40817 | Depths:4 | Received a gift from Okawaru
 40838 | Depths:4 | Noticed the Enchantress
 40841 | Arena    | Entered the Arena
 40852 | Arena    | Killed the Enchantress
 40893 | Depths:4 | Reached skill level 5 in Transmutations
 40996 | Depths:4 | Noticed a golden dragon
 41008 | Depths:4 | Reached skill level 5 in Earth Magic
 41040 | Depths:4 | Killed a golden dragon
 41135 | Depths:4 | Noticed Grunn
 41141 | Arena    | Entered the Arena
 41192 | Arena    | Killed Grunn
 41229 | Arena    | Entered the Arena
 41265 | Depths:3 | Noticed Parghit
 42276 | Elf:1    | Entered Level 1 of the Elven Halls
 42442 | Elf:1    | Received a gift from Okawaru
 42479 | Elf:1    | Paralysed by an air elemental for 1 turns
 42672 | Elf:1    | Received a gift from Okawaru
 42849 | Elf:1    | Found Lyiqywug's Weapon Boutique.
 42859 | Elf:1    | Bought 5 silver javelins for 204 gold pieces
 43002 | Elf:2    | Paralysed by an air elemental for 1 turns
 43050 | Elf:2    | Received a gift from Okawaru
 43081 | Elf:2    | Found Bassetz's Assorted Antiques.
 43090 | Elf:2    | Bought a scroll of fog for 112 gold pieces
 43412 | Elf:2    | Found a huge runed translucent gate.
 43412 | Elf:2    | Found a huge runed translucent gate.
 43412 | Elf:2    | Found a huge runed translucent gate.
 43412 | Elf:2    | Found a huge runed translucent gate.
 43414 | Elf:2    | Found a huge runed translucent gate.
 43780 | Elf:2    | Reached XP level 22. HP: 184/184 MP: 35/35
 43807 | Elf:2    | Received a gift from Okawaru
 43824 | Elf:2    | Reached skill level 10 in Spellcasting
 44405 | Elf:2    | Found Bassetz's Assorted Antiques.
 44977 | Elf:3    | Entered Level 3 of the Elven Halls
 45060 | Elf:3    | Paralysed by an air elemental for 1 turns
 45091 | Elf:3    | Paralysed by an air elemental for 1 turns
 45122 | Elf:3    | Received a gift from Okawaru
 45228 | Elf:3    | Reached skill level 1 in Fire Magic
 45500 | Arena    | Entered the Arena
 45544 | Elf:3    | Reached skill level 2 in Fire Magic
 45608 | Elf:3    | Reached skill level 3 in Fire Magic
 45628 | Arena    | Entered the Arena
 45830 | Elf:3    | Received a gift from Okawaru
 45841 | Elf:3    | Identified the +3 long sword of Strategic Superiority
                  | {vorpal, *Corrode rF++ Dex+4}
 45842 | Elf:3    | Identified the +1 helmet of Buff {MP+9 Stlth+}
 45843 | Elf:3    | Identified the ring "Quar Ascho" {rN+ Will++ MP+9 Str+3
                  | SInv}
 45957 | Elf:3    | Got the Omnibus of Transformation
 45988 | Elf:3    | Found the +3 pair of seven-league boots {Rampage+∞}
 45993 | Elf:3    | Identified the ring of Zolut {+Blink rPois MP+9}
 46600 | D:15     | Learned a level 2 spell: Wereblood
 46606 | D:15     | Learned a level 5 spell: Yara's Violent Unravelling
 46975 | Depths:2 | Reached skill level 4 in Fire Magic
 47018 | Depths:2 | Killed a golden dragon
 47170 | Depths:2 | Reached skill level 10 in Transmutations
 47235 | Depths:2 | Killed Ontein's ghost
 47251 | Depths:2 | Identified the +1 hat "Jousijis" {rPois rN++ Regen+ Int-2}
 47730 | Depths:3 | Received a gift from Okawaru
 47756 | Depths:3 | Reached skill level 5 in Fire Magic
 47793 | Depths:3 | Killed Parghit
 48220 | Depths:4 | Received a gift from Okawaru
 48652 | Depths:4 | Received a gift from Okawaru
 48871 | Depths:4 | Found a gate to the Realm of Zot.
 49693 | Slime:1  | Entered Level 1 of the Pits of Slime
 49703 | Slime:1  | Reached skill level 6 in Fire Magic
 49868 | Slime:1  | Gained mutation: Your spells are a little easier to cast,
                  | but a little less powerful. [a shining eye]
 49872 | Slime:1  | Gained mutation: You occasionally lose the ability to read
                  | scrolls when taking damage. [a shining eye]
 49874 | Slime:1  | Lost mutation: You occasionally lose the ability to read
                  | scrolls when taking damage. [potion of mutation]
 49874 | Slime:1  | Lost mutation: Your spells are a little easier to cast, but
                  | a little less powerful. [potion of mutation]
 49874 | Slime:1  | Gained mutation: You are weak. (Str -2) [potion of
                  | mutation]
 49874 | Slime:1  | Gained mutation: You have a pair of small antennae on your
                  | head. [potion of mutation]
 49874 | Slime:1  | Gained mutation: Your spells are a little harder to cast,
                  | but a little more powerful. [potion of mutation]
 49874 | Slime:1  | Gained mutation: You are resistant to electric shocks.
                  | (rElec) [potion of mutation]
 50286 | Slime:3  | Reached XP level 23. HP: 152/190 MP: 39/39
 50338 | Slime:3  | Gained mutation: You sometimes lose your temper in combat.
                  | [a shining eye]
 50375 | Slime:3  | Lost mutation: You sometimes lose your temper in combat.
                  | [potion of mutation]
 50375 | Slime:3  | Lost mutation: Your spells are a little harder to cast, but
                  | a little more powerful. [potion of mutation]
 50375 | Slime:3  | Lost mutation: You are weak. (Str -2) [potion of mutation]
 50375 | Slime:3  | Gained mutation: Your magical capacity is low. (-10% MP)
                  | [potion of mutation]
 50375 | Slime:3  | Gained mutation: Your flesh is cold resistant. (rC+)
                  | [potion of mutation]
 50468 | Slime:4  | Received a gift from Okawaru
 50685 | Slime:5  | Entered Level 5 of the Pits of Slime
 50718 | Slime:5  | Reached skill level 7 in Fire Magic
 50841 | Slime:5  | Received a gift from Okawaru
 50921 | Slime:5  | Gained mutation: Your body sometimes deteriorates upon
                  | taking damage. [a shining eye]
 50922 | Slime:5  | Gained mutation: You do not regenerate when monsters are
                  | visible. [a shining eye]
 50924 | Slime:5  | Lost mutation: Your body sometimes deteriorates upon taking
                  | damage. [potion of mutation]
 50924 | Slime:5  | Lost mutation: You have a pair of small antennae on your
                  | head. [potion of mutation]
 50924 | Slime:5  | Gained mutation: You are agile. (Dex +4, Str/Int -1)
                  | [potion of mutation]
 50925 | Slime:5  | Lost mutation: Your magical capacity is low. (-10% MP)
                  | [potion of mutation]
 50925 | Slime:5  | Lost mutation: You do not regenerate when monsters are
                  | visible. [potion of mutation]
 50925 | Slime:5  | Lost mutation: Your flesh is cold resistant. (rC+) [potion
                  | of mutation]
 50925 | Slime:5  | Gained mutation: Your spells are a little harder to cast,
                  | but a little more powerful. [potion of mutation]
 50925 | Slime:5  | Gained mutation: You sometimes lose your temper in combat.
                  | [potion of mutation]
 50980 | Slime:5  | Found a viscous altar of Jiyva.
 50981 | Slime:5  | Noticed the Royal Jelly
 51046 | Slime:4  | Lost mutation: You sometimes lose your temper in combat.
                  | [potion of mutation]
 51046 | Slime:4  | Lost mutation: You are resistant to electric shocks.
                  | (rElec) [potion of mutation]
 51046 | Slime:4  | Lost mutation: Your spells are a little harder to cast, but
                  | a little more powerful. [potion of mutation]
 51046 | Slime:4  | Gained mutation: You have a pair of small horns on your
                  | head. [potion of mutation]
 51089 | Slime:5  | Received a gift from Okawaru
 51284 | Slime:5  | Reached skill level 8 in Fire Magic
 51284 | Slime:5  | Killed the Royal Jelly
 51285 | Arena    | Entered the Arena
 51538 | Slime:5  | Found the +5 sword of Power {vorpal}
 51544 | Slime:5  | Identified the amulet of Lacuz {Reflect rC+++ Int+7 Dex-5
                  | SH+5}
 51599 | Slime:5  | Identified the ring of Perfectionism {rElec rF+ Dex-5 SInv}
 51636 | Slime:5  | Got the Almanac of Remoulded Command
 51646 | Slime:5  | Got a slimy rune of Zot
 52379 | Temple   | Fell from the grace of Okawaru
 52379 | Temple   | Became a worshipper of Gozag Ym Sagoz the Greedy
 52678 | Crypt:1  | Entered Level 1 of the Crypt
 54944 | Crypt:1  | Noticed Frederick
 54970 | Crypt:1  | Killed Frederick
 55007 | Crypt:1  | Reached skill level 9 in Fire Magic
 55930 | Crypt:2  | Learned a level 4 spell: Passage of Golubria
 56331 | Crypt:2  | Learned a level 1 spell: Apportation
 56759 | Crypt:3  | Entered Level 3 of the Crypt
 56920 | Crypt:3  | Reached skill level 10 in Fire Magic
 57075 | Crypt:3  | Reached XP level 24. HP: 177/197 MP: 41/41
 57437 | Crypt:3  | Found a basalt altar of Yredelemnul.
 57454 | Crypt:3  | Noticed a dread lich
 57469 | Crypt:3  | Killed a dread lich
 57751 | Crypt:3  | Found a staircase to the Tomb.
 57805 | Crypt:3  | Noticed a royal mummy
 57826 | Crypt:3  | Killed a royal mummy
 57848 | Crypt:3  | Noticed Khufu
 57870 | Crypt:3  | Killed Khufu
 58325 | Crypt:3  | Found the +11 plutonium sword {Contam Stlth-}
 58524 | Crypt:3  | Noticed a royal mummy
 58526 | Crypt:3  | Noticed a royal mummy
 58552 | Crypt:3  | Killed a royal mummy
 58569 | Crypt:3  | Killed a royal mummy
 58570 | Crypt:3  | Reached skill level 11 in Fire Magic
 58742 | Crypt:3  | Got Cigotuvi's Incunable of the Dead
 59160 | Zot:1    | Entered Level 1 of the Realm of Zot
 59648 | Zot:1    | Found a transporter.
 59652 | Zot:1    | Found a transporter.
 59670 | Zot:1    | Was forgiven by Okawaru
 59750 | Zot:1    | Found a transporter.
 59751 | Zot:1    | Found a transporter.
 59781 | Zot:1    | Found a transporter.
 59802 | Zot:1    | Found a transporter.
 59951 | Zot:1    | Reached skill level 15 in Spellcasting
 60001 | Zot:1    | Identified the +4 trident of Fate {flame, rC+ Stlth+}
 60596 | Vaults:5 | Entered Level 5 of the Vaults
 60616 | Vaults:5 | Noticed a dread lich
 60635 | Vaults:5 | Killed a dread lich
 60698 | Vaults:5 | Reached skill level 12 in Fire Magic
 60726 | Vaults:5 | Reached skill level 15 in Throwing
 60798 | Vaults:5 | Identified the ring "Hoqikkel" {Fly rPois MP+9}
 60922 | Vaults:5 | Reached skill level 13 in Fire Magic
 60971 | Vaults:5 | Noticed Jory
 60984 | Vaults:5 | Noticed an ancient lich
 60990 | Vaults:5 | Noticed an ancient lich
 61046 | Vaults:5 | Reached skill level 14 in Fire Magic
 61057 | Vaults:5 | Killed an ancient lich
 61058 | Vaults:5 | Gained mutation: You regenerate a lot of health from kills.
                  | [demonic ancestry]
 61058 | Vaults:5 | Reached XP level 25. HP: 192/204 MP: 42/42
 61300 | Vaults:5 | Killed an ancient lich
 61301 | Vaults:5 | Reached skill level 15 in Fire Magic
 61314 | Vaults:5 | Killed Jory
 61353 | Vaults:5 | Identified the ring "Gydas" {rC+ rCorr Int-2 Dex+5}
 61451 | Vaults:5 | Noticed a dread lich
 61478 | Vaults:5 | Killed a dread lich
 61514 | Vaults:5 | Identified the +3 ring mail of Submission {rF+ Int+2}
 61559 | Vaults:5 | Reached skill level 16 in Fire Magic
 61771 | Vaults:5 | Identified the +0 leather armour "Raraf" {Int-4 Dex+2
                  | Stlth+}
 61775 | Vaults:5 | Got the Teachings on the Dark Welkin
 61780 | Vaults:5 | Identified the +1 ring mail of the Valley {Harm Regen+
                  | Str-2}
 62061 | Vaults:5 | Noticed an ancient lich
 62099 | Vaults:5 | Killed an ancient lich
 62151 | Vaults:5 | Found Gaulutat's Jewellery Emporium.
 62290 | Vaults:5 | Learned a level 2 spell: Blink
 62467 | Vaults:5 | Found Gaulutat's Jewellery Emporium.
 63246 | Hell     | Entered the Vestibule of Hell
 63246 | Hell     | Noticed Geryon
 63322 | Hell     | Killed Geryon
 63518 | Hell     | Reached skill level 10 in Evocations
 63583 | Hell     | Gained mutation: Your body sometimes deteriorates upon
                  | taking damage. [a cacodemon]
 63778 | Hell     | Reached skill level 17 in Fire Magic
 63975 | Hell     | Found a gateway to the ashen valley of Gehenna.
 64083 | Hell     | Found a gateway to the Iron City of Dis.
 64179 | Hell     | Found a gateway to the freezing wastes of Cocytus.
 64301 | Hell     | Found a gateway to the decaying netherworld of Tartarus.
 64766 | Zot:1    | Reached skill level 18 in Fire Magic
 64973 | Zot:2    | Gained mutation: Your magical and physical power is
                  | enhanced at high health. [demonic ancestry]
 64973 | Zot:2    | Reached XP level 26. HP: 211/211 MP: 42/42
 65228 | Zot:2    | Reached skill level 19 in Fire Magic
 66259 | Zot:3    | Reached skill level 20 in Fire Magic
 66357 | Zot:3    | Identified the +5 mace of Trauma {holy, *Rage rF+ Str+3
                  | Int+5}
 66657 | Zot:3    | Identified the +0 helmet "Jeah Uss" {+Blink rElec}
 66968 | Zot:3    | Noticed an orb of fire
 66977 | Zot:3    | Lost mutation: You are agile. (Dex +4, Str/Int -1) [an orb
                  | of fire]
 66982 | Zot:3    | Gained mutation: Your magical capacity is low. (-10% MP)
                  | [an orb of fire]
 66989 | Zot:3    | Gained mutation: Armour fits poorly on your strangely
                  | shaped body. [an orb of fire]
 66991 | Zot:3    | Gained mutation: You occasionally shout uncontrollably at
                  | your foes. [an orb of fire]
 66992 | Zot:3    | Killed an orb of fire
 66994 | Zot:3    | Reached skill level 21 in Fire Magic
 67233 | Zot:3    | Lost mutation: You have a pair of small horns on your head.
                  | [potion of mutation]
 67233 | Zot:3    | Lost mutation: Your magical capacity is low. (-10% MP)
                  | [potion of mutation]
 67233 | Zot:3    | Gained mutation: You possess an exceptional clarity of
                  | mind. [potion of mutation]
 67233 | Zot:3    | Gained mutation: You are dopey. (Int -2) [potion of
                  | mutation]
 67234 | Zot:3    | Lost mutation: You occasionally shout uncontrollably at
                  | your foes. [potion of mutation]
 67234 | Zot:3    | Lost mutation: Your body sometimes deteriorates upon taking
                  | damage. [potion of mutation]
 67234 | Zot:3    | Lost mutation: Armour fits poorly on your strangely shaped
                  | body. [potion of mutation]
 67234 | Zot:3    | Gained mutation: You are covered in fur. (AC +1) [potion of
                  | mutation]
 67496 | Zot:4    | Identified the +7 great sword of Caneonk {vorpal, Int+3}
 68230 | Zot:4    | Identified the +1 pair of gloves "Vihaurcho" {Rampage
                  | +Blink rC+ Stlth+}
 68570 | Zot:5    | Entered Level 5 of the Realm of Zot
 68809 | D:15     | Bought a scroll of teleportation for 57 gold pieces
 68809 | D:15     | Bought a scroll of teleportation for 57 gold pieces
 68809 | D:15     | Bought a scroll of teleportation for 57 gold pieces
 68809 | D:15     | Bought a scroll of teleportation for 57 gold pieces
 68809 | D:15     | Bought a scroll of magic mapping for 142 gold pieces
 68809 | D:15     | Bought a scroll of immolation for 76 gold pieces
 68851 | Depths:1 | Voluntarily entered the Abyss.
 68995 | Abyss:1  | Gained mutation: Your magical capacity is low. (-10% MP) [a
                  | neqoxec]
 69338 | Abyss:1  | Paralysed by accursed screaming for 1 turns
 69437 | Abyss:2  | Gained mutation: Your magical and physical power is greatly
                  | enhanced at high health. [demonic ancestry]
 69437 | Abyss:2  | Reached XP level 27. HP: 216/217 MP: 34/34
 69989 | Abyss:2  | Reached skill level 22 in Fire Magic
 70046 | Abyss:2  | Paralysed by accursed screaming for 1 turns
 71706 | Abyss:3  | Reached skill level 1 in Translocations
 71831 | Abyss:3  | Noticed a dread lich
 71847 | Abyss:3  | Killed a dread lich
 72157 | Abyss:3  | Reached skill level 23 in Fire Magic
 72365 | Abyss:3  | Reached skill level 5 in Translocations
 72375 | Abyss:3  | Noticed a dread lich
 72391 | Abyss:3  | Noticed a juggernaut
 72406 | Abyss:3  | Found a corrupted altar of Lugonu.
 72526 | Abyss:3  | Found a corrupted altar of Lugonu.
 72687 | Abyss:3  | Found a corrupted altar of Lugonu.
 72943 | Abyss:3  | Paralysed by accursed screaming for 1 turns
 73292 | Depths:1 | Escaped the Abyss
 73354 | Depths:1 | Bought a scroll of teleportation for 51 gold pieces
 73360 | Depths:1 | Bought a manual of Throwing for 1280 gold pieces
 73364 | Depths:1 | Voluntarily entered the Abyss.
 73608 | Abyss:4  | Reached skill level 24 in Fire Magic
 73902 | Depths:1 | Escaped the Abyss
 74043 | Depths:1 | Voluntarily entered the Abyss.
 74043 | Abyss:4  | Found a corrupted altar of Lugonu.
 74239 | Abyss:4  | Noticed a dread lich
 74254 | Abyss:4  | Killed a dread lich
 74342 | Abyss:4  | Got an abyssal rune of Zot
 74350 | Abyss:4  | Paralysed by accursed screaming for 1 turns
 74358 | Abyss:4  | Paralysed by accursed screaming for 2 turns
 74407 | Depths:1 | Escaped the Abyss
 74511 | Depths:1 | Voluntarily entered the Abyss.
 74743 | Abyss:4  | Gained mutation: Your spells are easier to cast, but less
                  | powerful. [a neqoxec]
 75196 | Abyss:4  | Reached skill level 25 in Fire Magic
 75274 | Abyss:4  | Paralysed by accursed screaming for 1 turns
 75388 | Depths:1 | Escaped the Abyss
 75648 | Depths:1 | Voluntarily entered the Abyss.
 75724 | Depths:1 | Escaped the Abyss
 75728 | Depths:1 | Bought a book of Annihilations for 1260 gold pieces
 75743 | Depths:1 | Learned a level 9 spell: Chain Lightning
 75744 | Depths:1 | Voluntarily entered the Abyss.
 75848 | Abyss:4  | Reached skill level 26 in Fire Magic
 75868 | Abyss:4  | Reached skill level 1 in Conjurations
 76132 | Abyss:4  | Reached skill level 5 in Conjurations
 76373 | Abyss:5  | Found a corrupted altar of Lugonu.
 76644 | Abyss:5  | Gained mutation: Your body sometimes deteriorates upon
                  | taking damage. [a shining eye]
 77048 | Abyss:5  | Paralysed by you for 5 turns
 77134 | Depths:1 | Escaped the Abyss
 77317 | Geh:1    | Entered Level 1 of Gehenna
 77599 | Geh:1    | Noticed a dread lich
 77705 | Geh:1    | Killed a dread lich
 77782 | Geh:1    | Noticed an ancient lich
 77783 | Geh:1    | Noticed a dread lich
 77783 | Geh:1    | Noticed an ancient lich
 77783 | Geh:1    | Noticed a dread lich
 77797 | Geh:1    | Killed a dread lich
 77803 | Geh:1    | Noticed an ancient lich
 77805 | Geh:1    | Killed an ancient lich
 77808 | Geh:1    | Noticed a dread lich
 77813 | Geh:1    | Noticed an ancient lich
 77816 | Geh:1    | Killed an ancient lich
 77825 | Geh:1    | Killed an ancient lich
 77826 | Geh:1    | Reached skill level 10 in Air Magic
 77835 | Geh:1    | Killed an ancient lich
 77841 | Geh:1    | Killed a dread lich
 77855 | Geh:1    | Killed a dread lich
 78059 | Depths:3 | Voluntarily entered the Abyss.
 78103 | Abyss:5  | Reached skill level 10 in Conjurations
 78594 | Abyss:5  | Paralysed by you for 5 turns
 78600 | Depths:3 | Escaped the Abyss
 78919 | Depths:3 | Voluntarily entered the Abyss.
 79276 | Abyss:5  | Paralysed by accursed screaming for 1 turns
 79282 | Abyss:5  | Paralysed by accursed screaming for 2 turns
 79295 | Abyss:5  | Paralysed by accursed screaming for 2 turns
 79565 | Abyss:6  | Reached skill level 15 in Conjurations
 79575 | Abyss:6  | Found a corrupted altar of Lugonu.
 79596 | Abyss:6  | Reached skill level 15 in Air Magic
 79806 | Depths:3 | Escaped the Abyss
 79984 | Depths:3 | Voluntarily entered the Abyss.
 80068 | Abyss:6  | Gained mutation: You are clumsy. (Dex -2) [a neqoxec]
 80075 | Abyss:6  | Paralysed by accursed screaming for 2 turns
 80080 | Abyss:6  | Paralysed by accursed screaming for 2 turns
 80129 | Depths:3 | Escaped the Abyss
 80345 | Depths:3 | Lost mutation: You are clumsy. (Dex -2) [potion of
                  | mutation]
 80345 | Depths:3 | Lost mutation: You are dopey. (Int -2) [potion of mutation]
 80345 | Depths:3 | Gained mutation: You are agile. (Dex +4, Str/Int -1)
                  | [potion of mutation]
 80345 | Depths:3 | Gained mutation: You have supernaturally acute eyesight.
                  | (SInv) [potion of mutation]
 80346 | Depths:3 | Lost mutation: You possess an exceptional clarity of mind.
                  | [potion of mutation]
 80346 | Depths:3 | Lost mutation: Your body sometimes deteriorates upon taking
                  | damage. [potion of mutation]
 80346 | Depths:3 | Lost mutation: Your spells are a little easier to cast, but
                  | a little less powerful. [potion of mutation]
 80346 | Depths:3 | Gained mutation: You possess an exceptional clarity of
                  | mind. [potion of mutation]
 80346 | Depths:3 | Gained mutation: You have hidden genetic potential. [potion
                  | of mutation]
 80348 | Depths:3 | Voluntarily entered the Abyss.
 80484 | Abyss:6  | Found a corrupted altar of Lugonu.
 80497 | Depths:3 | Escaped the Abyss
 80712 | Depths:3 | Voluntarily entered the Abyss.
 80774 | Depths:3 | Escaped the Abyss
 80987 | Depths:2 | Learned a level 6 spell: Statue Form
 80997 | Depths:2 | Learned a level 9 spell: Shatter
 81003 | Depths:2 | Learned a level 5 spell: Freezing Cloud
 81383 | Orc:1    | Bought a runed troll leather armour for 450 gold pieces
 82086 | Orc:2    | Bought a scroll of enchant armour for 97 gold pieces
 82798 | Pan      | Entered Pandemonium
 83118 | Pan      | Noticed Baosteyt the pandemonium lord
 83128 | Pan      | Killed Baosteyt the pandemonium lord
 83937 | Pan      | Found a transporter.
 83942 | Pan      | Found a transporter.
 83972 | Pan      | Found a transporter.
 84143 | Pan      | Found an exit through the horrors of the Abyss.
 84309 | Pan      | Found a transporter.
 84310 | Pan      | Identified the ring of Terra Nullius {rElec rF- rCorr Dex+6
                  | Stlth+}
 84347 | Pan      | Found a transporter.
 84422 | Pan      | Noticed Mennas
 84442 | Pan      | Killed Mennas
 84850 | Pan      | Identified the +1 pair of gloves of Absence {rN+}
 85213 | Pan      | Noticed Noydaebb the pandemonium lord
 85214 | Pan      | Gained mutation: You are dopey. (Int -2) [a cacodemon]
 85240 | Pan      | Killed Noydaebb the pandemonium lord
 86303 | Pan      | Noticed Toddaoz the pandemonium lord
 86347 | Pan      | HP: 3/325 [Toddaoz the pandemonium lord (15)]
 86347 | Pan      | Drowned by Toddaoz the pandemonium lord

Illustrated notes

Levels and vault maps discovered:
D:1:      reono_arrival_forest_river, layout_basic, serial_forest,
          infiniplex_forest_zigzag_2, infiniplex_forest_corner_1,
          infiniplex_forest_end_3, infiniplex_forest_side_room,
          shapermc_ecumenical_altar_ellora
D:2:      layout_loops_corners, uniq_sigmund
D:3:      layout_basic, nzn_wu_jian_council_hall, grunt_qazlal_clouds
D:4:      layout_gridville, ebering_ghost_gozag, serial_shops,
          nicolae_lakefront_shop
D:5:      layout_basic, nemelex_spade_bored_becter, temple_doors_cd,
          chequers_serial_rivers_small_3, minmay_misc_feat_tiny, uniq_duvessa,
          uniq_crazy_yiuf_cottage
D:6:      layout_rooms, grunt_ministairs_12, uniq_maggie
D:7:      layout_basic, mainiacjoe_overflow_24_doors
D:8:      layout_basic, uniq_joseph
D:9:      layout_stronghold, nicolae_elyvilon_temple_path, lair_entry_dummy,
          orc_0_dummy, serial_co_window_serial, co_window_corner_a,
          co_window_of_opportunity_a, co_window_corner_a, co_window_corner_a,
          co_window_cross_1, co_window_cross_4, co_window_2corner,
          co_window_unsneaky_path_c, co_window_broadway_a, co_window_paths_c,
          co_window_2corner, co_window_paths_e, glass_columns_a,
          glass_columns_a, hangedman_feature_mirror,
          hangedman_abyss_or_decor_stabs, uniq_gastronok
D:10:     layout_roguey, mainiacjoe_overflow_concentric_impassable
D:11:     layout_gridville, minmay_mirror_moons_of_madness, uniq_maurice
D:12:     layout_rooms, uniq_frances
D:13:     layout_gridville, david_vaults_3, uniq_rupert
D:14:     layout_rooms, cheibriados_altar_1
D:15:     hangedman_depths_entry_civil_slaughter, layout_loops_ring,
          chequers_serial_rivers_large_a, uniq_josephine
Temple:   kb_temple_of_zot
Lair:1:   layout_gridlike
Lair:2:   layout_gridlike, minmay_shoals_entry_beasts, spider_nest_entry_rubble,
          st_stairs_3, uniq_harold
Lair:3:   nzn_winding_woodlands_stair_trap
          [nzn_winding_woodlands_5x15_sidewinder,
          nzn_winding_woodlands_5x15_twine, nzn_winding_woodlands_5x15_jagged,
          nzn_winding_woodlands_15x15_five_gardens,
          nzn_winding_woodlands_5x15_default,
          nzn_winding_woodlands_5x15_pockets,
          nzn_winding_woodlands_5x15_crooked], layout_big_grid,
          portal_ice_cave_entry_imps, minivault_11
Lair:4:   layout_roguey, slime_entry_2, nicolae_lair_liquid_snakes
Lair:5:   hangedman_lair_tendril_chambers, layout_regular_city,
          hangedman_lair_in_review, enter_volcano_4, gammafunk_lair_bear_cave,
          uniq_nessos
Shoals:1: layout_shoals, serial_shops, nicolae_take_the_stairs,
          nicolae_shoals_mertower
Shoals:2: layout_shoals, serial_shops, nicolae_shop_stone, uniq_mlioglotl
Shoals:3: layout_shoals, serial_shops, nicolae_shop_waterfront,
          nicolae_shoals_water_shrine, uniq_polyphemus, uniq_mara, uniq_ilsuiw
Shoals:4: shoals_end_hellmonk_storm_palace [storm_palace_center_ruins,
          storm_palace_corner_blocked, storm_palace_corner_reverse_hut,
          storm_palace_corner_pillars, storm_palace_corner_grid], serial_shops
Spider:1: layout_spider_delve
Spider:2: layout_spider_delve
Spider:3: layout_cave_pods, drop_trap, spiders_nest_ghost_moth_duel
Spider:4: grunt_spider_rune_parallel, uniq_asterion
Slime:1:  layout_caves, nicolae_slime_phagocytosis
Slime:2:  layout_caves, cheibrodos_slime_lost_civilization_4
Slime:3:  layout_caves
Slime:4:  layout_caves
Slime:5
Orc:1:    layout_diamond_mine, serial_shops, nicolae_shop_behind_doors,
          nicolae_shop_temple_entry_statues_fountains, shop,
          nicolae_shop_advertising_works [nicolae_subvault_shop_adworks],
          uniq_jorgrun
Orc:2:    grunt_orc_tribal_feast, layout_caves, elves_outpost_lemuel
Elf:1:    elf_arrival_001, layout_rooms, serial_shops, nicolae_square_shop,
          hangedman_elf_represent
Elf:2:    elven_hall_of_blades_hangedman_alternative
          [nooodl_blade_entry_preview], layout_loops_corners, serial_shops,
          nicolae_shop_stone, minivault_16
Elf:3:    minmay_elf_hall_furrowed, layout_geoelf_castle
Vaults:1: ebering_ghost_reflecting_pool, hangedman_vaults_snaps,
          vaults_mumra_minichess_inversion, v_pattern_1, v_rooms_2,
          vaults_mumra_chevron_long, vaults_room_fancy_cross,
          nicolae_vaults_yaktaur_gun_rack, v_misc_16, hangedman_vaults_stream,
          vaults_dpeg_doors, special_room_vaults [special_room_orc],
          layout_vaults_maze_snakey
Vaults:2: ontoclasm_vaults_eye, v_misc_27, v_misc_25, door_vault,
          vaults_dpeg_cross, hangedman_vaults_river_flow, v_misc_23,
          nicolae_vaults_specimen_jars, grunt_vaults_hallway_short,
          hangedman_vaults_slice, minmay_crypt_entry_simple_box,
          ontoclasm_vaults_gateway, layout_vaults_ring, serial_shops,
          nicolae_square_shop, shop
Vaults:3: mu_enter_wizlab_1, v_misc_29, hangedman_vaults_stitches,
          vaults_mumra_chevron, nicolae_vaults_back_hallway, vaults_mumra_hex,
          hangedman_vaults_pinch, nicolae_vaults_network_s,
          ontoclasm_vaults_pinch, nicolae_vaults_circle_grid_a, v_misc_24,
          v_misc_22, ontoclasm_vaults_chip, layout_vaults_omnibox
Vaults:4: st_squares, v_misc_12, nicolae_vaults_triangles,
          vaults_dpeg_encased_lava, hangedman_vaults_trim,
          nicolae_vaults_gold_heap, ontoclasm_vaults_idyll,
          layout_vaults_omnigrid, serial_shops, shop, serial_glass,
          uniq_margery, uniq_saint_roka, uniq_donald, uniq_sojobo
Vaults:5: uniq_jory
Crypt:1:  layout_misc_corridors, evilmike_ambush [evilmike_ambush_outer_basic,
          evilmike_ambush_inner_pond], uniq_frederick
Crypt:2:  layout_basic
Crypt:3:  cryptofortress_bobbens, uniq_khufu, uniq_josephina
Depths:1: layout_big_octagon, hell_entry, xom_redecorated, serial_column_ruins,
          column_ruins_portal_squares, column_ruins_hut,
          column_ruins_open_small_water, column_ruins_corridor_straight,
          column_ruins_grid_3, column_ruins_open_medium,
          hangedman_abyss_or_decor_slice, minivault_10, nrook_campfire,
          amcnicky_mini_corridor_feature, okawaru_gym_becter
Depths:2: evilmike_inaccessible_box, layout_basic, serial_shops, bzr_firewalk,
          pan_entry, serial_sigils, serial_sigils_hangedman_snap,
          serial_sigils_hangedman_gnaw, serial_sigils_hangedman_gut,
          serial_sigils_hangedman_quiver, hell_entry, nicolae_vehumet_radiance,
          biasface_ghost_demon_polymorph, abyss_entry, st_stairs_12,
          skrybe_limestone_x, minmay_metal_thing
Depths:3: cheibrodos_poisonous_passages, layout_cave_pools, abandoned_shop,
          abyss_entry, grunt_metal_band, infiniplex_staircase_door_maze,
          serial_bayou_shore_a, uniq_parghit
Depths:4: grunt_zot_entry_alcove, layout_gridlike, enter_ziggurat_c, hell_entry,
          grunt_pan_entry_spiral, hangedman_decor_riveting,
          nicolae_shop_firing_range, uniq_grunn, uniq_enchantress
Hell
Geh:1:    layout_gehenna_pools_basic, nicolae_hells_leichenhalle
Zot:1:    kennysheep_ambush_hall, layout_onion_interference,
          serial_nicolae_subway, nicolae_sub_station_metal,
          nicolae_sub_station_stone, nicolae_sub_station_crystal
Zot:2:    layout_gridlike
Zot:3:    grunt_zot_stairs_mandelzot, layout_cellular_growth, skrybe_zot_glass_3
Zot:4:    layout_misc_corridors, lemuel_golem_globe
Zot:5:    layout_twisted_circle, st_stairs_6
Pan:      nicolae_pan_hourglass, layout_grid_shapes, nicolae_pan_mnolegish_1,
          gammafunk_the_bubble [the_bubble_gammafunk_roulette],
          layout_gridville, uniq_mennas_pan, nicolae_pan_lom_lobonic_4,
          rand_demon_4, layout_onion_city, grunt_pan_zigzag, layout_chambers

Skill      XL: |  1  2  3  4  5  6  7  8  9 10 11 12 13 14 15 16 17 18 19 20 21 22 23 24 25 26 27 |
---------------+----------------------------------------------------------------------------------+-----
Throwing       | 2 3 4 5 6 7 9 10 11 13 15 | 15.0
Axes           | 3 4 5 6 7 8 10 12 14 16 17 18 | 18.0
Dodging        | 3 4 5 6 8 9 10 | 10.0
Fighting       | 3 4 5 6 7 9 10 11 13 15 16 17 18 | 18.0
Armour         | 1 2 4 5 6 8 9 10 12 15 16 17 18 | 18.0
Invocations    | 1 4 5 8 10 11 12 | 12.0
Evocations     | 4 5 6 8 10 | 10.0
Shields        | 2 5 8 10 11 12 | 12.0
Spellcasting   | 5 9 12 14 15 16 21 | 21.0
Air Magic      | 5 19 | 19.7
Transmutations | 2 8 10 | 10.0
Earth Magic    | 2 5 8 |  8.8
Fire Magic     | 6 10 14 18 21 26 | 26.0
Translocations | 5 |  5.0
Conjurations   | 20 | 20.7

Action                   |  1- 3 |  4- 6 |  7- 9 | 10-12 | 13-15 | 16-18 | 19-21 | 22-24 | 25-27 || total
-------------------------+-------+-------+-------+-------+-------+-------+-------+-------+-------++-------
Melee: War axe           |   102 |   129 |   137 |       |       |       |       |       |       ||   368
       Punch             |       |     3 |     4 |     6 |       |       |       |       |       ||    13
       Broad axe         |       |       |   137 |   464 |   982 |  1457 |  1486 |  2316 |  5093 || 11935
       Lance             |       |       |       |       |       |       |   269 |   220 |  1057 ||  1546
       Headbutt          |       |       |       |       |       |       |       |   618 |   480 ||  1098
Throw: Stone             |       |    29 |     1 |       |       |       |       |       |       ||    30
       Dart              |       |     3 |    28 |     7 |     3 |     5 |       |       |       ||    46
       Throwing net      |       |     1 |     2 |       |       |       |       |       |       ||     3
       Boomerang         |       |       |     5 |    10 |       |    21 |     7 |    55 |   158 ||   256
       Javelin           |       |       |     2 |     3 |     3 |     1 |       |    71 |   109 ||   189
 Cast: Passwall          |       |       |       |       |       |       |       |    10 |     4 ||    14
       Apportation       |       |       |       |       |       |       |       |       |   184 ||   184
       Ignition          |       |       |       |       |       |       |       |       |   142 ||   142
Invok: Heroism           |       |       |    10 |    23 |    31 |    29 |    45 |    15 |       ||   153
       Finesse           |       |       |       |     3 |     8 |     8 |    10 |     6 |       ||    35
       Duel              |       |       |       |       |     1 |     4 |     4 |     3 |       ||    12
       Potion Petition   |       |       |       |       |       |       |       |     3 |    25 ||    28
       Call Merchant     |       |       |       |       |       |       |       |       |     5 ||     5
Evoke: Wand              |       |       |     3 |     3 |     5 |    33 |     4 |     3 |     1 ||    52
       Tin of tremorston |       |       |       |       |     2 |       |     6 |     2 |     2 ||    12
       Lightning rod     |       |       |       |       |       |     4 |     1 |     5 |     3 ||    13
       Condenser vane    |       |       |       |       |       |       |       |     4 |     5 ||     9
       Phial of floods   |       |       |       |       |       |       |       |     3 |     9 ||    12
       Phantom mirror    |       |       |       |       |       |       |       |     2 |     1 ||     3
       Box of beasts     |       |       |       |       |       |       |       |     1 |     1 ||     2
  Use: Scroll            |       |       |    14 |    10 |    10 |     4 |    14 |    14 |    18 ||    84
       Potion            |       |       |     2 |     2 |       |     8 |    24 |    18 |    16 ||    70
 Stab: Sleeping          |     1 |     1 |       |     1 |     1 |       |       |       |       ||     4
       Held in net/web   |       |       |     3 |       |       |       |       |       |       ||     3
       Invisible         |       |       |     1 |       |     1 |     2 |     3 |     1 |    14 ||    22
       Petrified         |       |       |       |       |     3 |       |       |       |       ||     3
       Distracted        |       |       |       |       |     2 |       |       |    26 |   132 ||   160
       Paralysed         |       |       |       |       |       |       |       |       |     5 ||     5
Armor: Leather armour    |    72 |    10 |       |       |       |       |       |       |       ||    82
       Chain mail        |       |    53 |    77 |       |       |       |       |       |       ||   130
       Acid dragon scale |       |       |    75 |   258 |   245 |       |       |       |       ||   578
       Plate armour      |       |       |       |       |    54 |   914 |   706 |   104 |       ||  1778
       Gold dragon scale |       |       |       |       |       |       |       |   939 |  2079 ||  3018
       Skin              |       |       |       |       |       |       |       |     3 |    25 ||    28
       Fire dragon scale |       |       |       |       |       |       |       |       |   228 ||   228
Dodge: Dodged            |   109 |    74 |   160 |   301 |   352 |   382 |   578 |   907 |  2209 ||  5072
Block: Buckler           |       |       |       |    35 |       |       |       |       |       ||    35
       Kite shield       |       |       |       |    21 |   688 |  1264 |  1354 |  2050 |  4479 ||  9856
       Reflection        |       |       |       |       |       |       |       |       |     8 ||     8
